AoeStats
← thejavamonk

Arena

510551202Analyzed
1v1 RM · 1d ago on Oct 1, 2026· 42m 22s· 2 players
Game mode
Random Map
Map size
Tiny (2 player)
Population
200
Speed
Normal
Resources
Standard
Victory
Conquest
Starting age
Dark Age
Ending age
Imperial Age
RankedLock teamsTeams togetherTeam positionsShared explorationLock speedFull tech treeHidden civsTurbo modeCheats
Victory
Defeat
🇬🇧 Burgundians · United Kingdom
348
+11
🇮🇳 Byzantines · India
246
-11
thejavamonk
0:46 Loom
13:20 Feudal Age
22:19 Castle Age
21:11 Stone Mining
21:23 Double-Bit Axe
22:39 Gold Mining
22:35 Horse Collar
24:59 Heavy Plow
24:57 Pikeman
25:39 Squires
25:26 Arson
25:28 Gambesons
32:27 Imperial Age
32:13 Man-at-Arms
34:20 Stone Shaft Mining
34:23 Gold Shaft Mining
33:35 Halberdier
34:23 Husbandry
33:44 Light Cavalry
35:43 Cavalier
38:40 Wheelbarrow
40:49 Chemistry
40:10 Ballistics
40:01 Fortified Wall
39:32 Treadmill Crane
42:26 Conscription
drlovepump
5:20 Double-Bit Axe
8:31 Gold Mining
9:31 Wheelbarrow
9:33 Horse Collar
11:26 Wheelbarrow
13:50 Feudal Age
14:43 Bow Saw
15:11 Hand Cart
19:24 Castle Age
18:47 Gold Shaft Mining
19:08 Heavy Plow
19:03 Stone Mining
21:36 Two-Man Saw
21:27 Town Watch
21:28 Loom
22:23 Stone Shaft Mining
23:37 Treadmill Crane
25:00 Masonry
25:00 Town Patrol
26:27 Husbandry
25:50 Light Cavalry
27:04 Crop Rotation
28:16 Guard Tower
29:41 Burgundian Vineyards
34:49 Imperial Age
32:10 Cavalier
33:03 Cavalier
33:36 Elite Skirmisher
34:28 Scale Barding Armor
34:35 Forging
34:17 Fletching
34:51 Ballistics
35:52 Conscription
36:08 Hoardings
36:50 Chemistry
36:21 Architecture
40:37 Chain Barding Armor
40:53 Iron Casting
40:46 Hussar
40:47 Paladin
Connection lost

Rejoining the realm…

Still unreachable

The connection could not be restored.

Session expired

The server has moved on; the page needs a fresh start.